 Dungeon Crawl Stone Soup version 0.29.1-2-gbd0b4ee654 (webtiles) character file.

Game seed: 18374940707093208171

200 Icepheonix32 the Insei (level 5, -2/33 HPs)
             Began as an Octopode Transmuter on Nov 18, 2022.
             Slain by a mummy (19 damage)
             ... in an ossuary.
             The game lasted 00:06:17 (4007 turns).

Icepheonix32 the Insei (Octopode Transmuter)        Turns: 4007, Time: 00:06:18

Health: -2/33      AC:  1    Str:  9    XL:     5   Next: 78%
Magic:  7/9        EV: 14    Int: 21    God:
Gold:   82         SH:  0    Dex: 15    Spells: 3/9 levels left

rFire   . . .      SeeInvis .     - Unarmed
rCold   . . .      Faith    .   (no shield)
rNeg    . . .      Spirit   .   (helmet currently unavailable)
rPois   .          Reflect  .   (no amulet)
rElec   .          Harm     .   c - +6 ring of intelligence
rCorr   .          Rampage  .   (no ring)
Will    .....                   (no ring)
Stlth   +++.......              (no ring)
HPRegen 0.11/turn               (no ring)
MPRegen 0.11/turn               (no ring)
                                (no ring)
                                (no ring)

@: appendages, wereblooded
A: tentacle spike 3, almost no armour, amphibious, 8 rings, camouflage 1,
gelatinous body 1, (nimble swimmer 1), tentacles
a: End Transformation


You were in an ossuary.
One of your tentacles had grown a beastly spike.
You visited 1 branch of the dungeon, and saw 5 of its levels.
You also visited: Ossuary.

You collected 82 gold pieces.

Inventory:

Hand Weapons
 b - a +1 flail of draining
Jewellery
 c - a +6 ring of intelligence (left tentacle)
Wands
 k - a wand of roots (13)
Scrolls
 a - a scroll of noise {unknown}
 g - a scroll of enchant weapon
 h - 2 scrolls of enchant armour {unknown}
 i - a scroll of amnesia
 n - 2 scrolls of immolation {unknown}
Potions
 d - a potion of curing
 e - a potion of brilliance
 f - a potion of flight {unknown}
 j - a potion of mutation
 l - a potion of degeneration {unknown}
 o - a potion of invisibility {unknown}


   Skills:
 + Level 1.1 Fighting
 * Level 2.9 Dodging
 + Level 2.0 Stealth
 + Level 3.8 Unarmed Combat
 + Level 2.9 Spellcasting
 * Level 3.2 Transmutations
 * Level 1.8 Poison Magic


You had 3 spell levels left.
You knew the following spells:

 Your Spells              Type           Power      Damage    Failure   Level
a - Beastly Appendage     Tmut           32%        N/A       3%          1
b - Spider Form           Tmut/Pois      13%        N/A       14%         3
c - Wereblood             Tmut           16%        N/A       5%          2

Your spell library contained the following spells:

 Spells                   Type           Power      Damage    Failure   Level
 Passwall                 Tmut/Erth      7%         N/A       11%         2
 Ensorcelled Hibernation  Hex/Ice        6%         N/A       21%         2
 Swiftness                Air            3%         N/A       38%         3
 Ice Form                 Ice/Tmut       9%         N/A       56%         4


Dungeon Overview and Level Annotations

Branches:
Dungeon (6/15)            Ossuary (1/1)
 Temple: D:4-7

Altars:
Trog

Annotations:
D:3 Sigmund


Innate Abilities, Weirdness & Mutations

One of your tentacles has grown a beastly spike.
You cannot wear most types of armour.
You are amphibious.
You can wear up to eight rings at the same time.
Your skin changes colour to match your surroundings (Stealth+).
Your rubbery body absorbs attacks. (AC +1, EV +1)
((You are camouflaged when in or above water. (Stealth+)))
You have tentacles for arms and can constrict up to eight enemies at once.


Message History

Casting: Beastly Appendage (safe; 3% risk of failure)
Confirm with . or Enter, or press ? or * to list all spells.
Your blood is infused with primal strength.
The jackal zombie misses you.
Unknown command.
You tentacle-slap the jackal zombie but do no damage.
Your grab misses the jackal zombie.
You pierce the jackal zombie.
The jackal zombie is severely damaged.
The jackal zombie closely misses you.
You tentacle-slap the jackal zombie.
You feel a bit better.
You destroy the jackal zombie!
You tentacle-slap the centaur zombie.
You pierce the centaur zombie.
The centaur zombie is lightly damaged.
The centaur zombie hits you. The centaur zombie kicks you.
You tentacle-slap the centaur zombie.
The centaur zombie is moderately damaged.
The centaur zombie misses you. x2; The centaur zombie closely misses you. x2
You tentacle-slap the centaur zombie.
You pierce the centaur zombie.
The centaur zombie is heavily damaged.
The mummy misses you. The centaur zombie hits you.
The centaur zombie kicks you.
You tentacle-slap the centaur zombie.
The centaur zombie is heavily damaged.
The centaur zombie closely misses you. The centaur zombie kicks you.
You tentacle-slap the mummy. You grab the mummy.
You pierce the mummy.
You squeeze the mummy, but do no damage.
The mummy is lightly damaged.
You constrict the mummy. The centaur zombie hits you.
The centaur zombie kicks you. The mummy barely misses you.
You tentacle-slap the mummy but do no damage.
You pierce the mummy, but do no damage.
The mummy is moderately damaged.
You constrict the mummy. The centaur zombie closely misses you.
The centaur zombie barely misses you.
You barely miss the mummy.
You pierce the mummy.
Your squeeze misses the mummy.
The mummy is heavily damaged.
You constrict the mummy. The centaur zombie closely misses you.
The centaur zombie misses you. The mummy hits you!!
Ouch! That really hurt!
You die...

######################
#.........∩∩.........#
#....................#
#...##############...#
#...#.ZZ#...# #...#
#...#.ZZ#...#### #...#
#...####@M...... #...#
#...#.....∩.#### #...#
#...#.......# #...#
#...#.......# #...#
#...#.......####.#...#
#...#............#...#
#...#.####.^####.#...#
#...#.#..#..# #...#
#...#....#^.# #...#


You could see a mummy, an adder zombie, a hobgoblin zombie and 2 centaur
zombies.

Vanquished Creatures
  An orc wizard (D:3)
  A mummy (Ossuary)
  4 gnolls (D:6)
  4 adders
  An adder zombie (Ossuary)
  A worm (D:2)
  A dart slug (D:1)
  5 orcs (D:3)
  3 ball pythons
  5 bats
  3 endoplasms
  5 goblins
  9 hobgoblins
  3 quokkas
  3 frilled lizards
  7 hobgoblin zombies (Ossuary)
  A jackal zombie (Ossuary)
  5 kobolds
  11 kobold zombies (Ossuary)
  6 orc zombies (Ossuary)
  4 rats (D:2)
83 creatures vanquished.

Notes
Turn   | Place    | Note
-------+----------+-------------------------------------------
     0 | D:1      | Icepheonix32 the Octopode Transmuter began the quest for
                  | the Orb.
     0 | D:1      | Reached XP level 1. HP: 13/13 MP: 3/3
   269 | D:1      | Reached XP level 2. HP: 18/18 MP: 3/5
   768 | D:1      | Found a faded altar of an unknown god.
  1062 | D:2      | Identified the +2 scale mail "Puowk" {Harm Rampage rC-
                  | Will++ Str+4}
  1210 | D:2      | Reached XP level 3. HP: 8/23 MP: 4/6
  1458 | D:2      | Learned a level 3 spell: Spider Form
  1461 | D:2      | Learned a level 2 spell: Wereblood
  1490 | D:2      | Found a bloodstained altar of Trog.
  1724 | D:2      | Reached skill level 1 in Stealth
  2602 | D:3      | Reached XP level 4. HP: 18/28 MP: 5/7
  2787 | D:3      | Reached skill level 1 in Poison Magic
  3190 | D:3      | Reached XP level 5. HP: 24/33 MP: 9/9
  3297 | D:3      | Noticed Sigmund
  3416 | D:4      | You fall into a shaft and drop 2 floors!
  3536 | D:6      | Found a sand-covered staircase.
  3618 | Ossuary  | Entered an ossuary
  4007 | Ossuary  | Slain by a mummy

Illustrated notes

Levels and vault maps discovered:
D:1:      psy_arrival_spokes, layout_basic,
          hellmonk_ecumenical_altar_inner_sanctum,
          chequers_serial_rivers_small_3
D:2:      layout_basic, basic_altar
D:3:      layout_loops_cross, minmay_misc_feat_tower, grunt_decor_cap,
          serial_bayou_crossing, uniq_sigmund
D:4:      layout_rooms
D:6:      layout_gridville, nicolae_ossuary_entry_ruins, minmay_mini_ossuary
Ossuary:  ossuary_tomb_1

Skill      XL: |  1  2  3  4  5 |
---------------+----------------+-----
Stealth        | 1 2 |  2.0
Poison Magic   | 1 |  1.8
Transmutations | 3 |  3.2
Fighting       | |  1.1
Dodging        | |  2.9
Unarmed Combat | |  3.8
Spellcasting   | |  2.9

Action                   |  1- 3 |  4- 6 || total
-------------------------+-------+-------++-------
Melee: Unarmed           |    75 |    98 ||   173
       Constrict         |    26 |    28 ||    54
       Kick              |    26 |    34 ||    60
       Tentacles         |     9 |    14 ||    23
       Punch             |     2 |     2 ||     4
 Cast: Beastly Appendage |    34 |     9 ||    43
       Wereblood         |       |     4 ||     4
       Spider Form       |       |     1 ||     1
  Use: Potion            |       |     4 ||     4
       Scroll            |       |     5 ||     5
 Stab: Sleeping          |     9 |     2 ||    11
Armor: Skin              |     2 |    23 ||    25
Dodge: Dodged            |    34 |    56 ||    90
